Cogmind - Beta 10.2 @@@ ROGUE MODE // 2021.12.04 @ 10:36:16 Player: DaddyWalrus Result: Self-destructed Performance ------------- Evolutions (0) 0 Regions Visited (4) 800 Robots Destroyed (22) 110 Value Destroyed (424) 424 Prototype IDs (36) 720 Alien Tech Used (0) 0 Bonus (300) 300 TOTAL SCORE: 2354 Bonus ------- Aligned with FarCom 300 Cogmind --------- Core Integrity 29/250 Matter 242/300 Energy 250/250 System Corruption 28% Temperature Cool (0) Movement Treading (180) Ox1 Location -9/Mines Parts ------- > --- POWER (1) -------- Ion Engine > --- PROPULSION (2) --- Light Treads > --- UTILITY (2) ------ High-capacity Storage Unit > --- WEAPON (2) ------- (None) > --- INVENTORY (12) --- Light Nuclear Core Improved Heat Sink High-capacity Matter Pod (200) Signal Interpreter Targeting Computer EM Pulse Gun Light Assault Rifle Datajack Field Lobotomy Kit Peak State ------------ > --- POWER ------------ Ion Engine > --- PROPULSION ------- Wheel Compact Wheel > --- UTILITY ---------- High-capacity Storage Unit Targeting Computer > --- WEAPON ----------- Assault Rifle Datajack > --- INVENTORY -------- Light Nuclear Core Light Treads Wheel Compact Wheel Improved Heat Sink High-capacity Matter Pod Signal Interpreter Targeting Computer EM Pulse Gun Light Assault Rifle Field Lobotomy Kit Mining Claw [Rating: 9] Favorites ----------- Power Ion Engine Engine Ion Engine Propulsion Wheel Treads Light Treads Wheel Wheel Utility High-capacity Storage Unit Storage High-capacity Storage Unit Processor Targeting Computer Protection Light Armor Plating Weapon Assault Rifle Ballistic Gun Assault Rifle Slashing Weapon Mining Claw Special Melee Weapon Datajack Build | -11 -10 -10 -10 -9 ------- Run | Scr Mat Min Exi Min Slots Evolved . | . . . . . Power . | . . . . . Propulsion . | . . . . . Utility . | . . . . . Weapon . | . . . . . Parts Attached 28 | 6 9 7 2 4 Power 2 | 1 1 . . . Engine 2 | 1 1 . . . Core . | . . . . . Reactor . | . . . . . Propulsion 12 | 2 3 4 . 3 Treads 1 | . . . . 1 Leg . | . . . . . Wheel 11 | 2 3 4 . 2 Hover . | . . . . . Flight . | . . . . . Utility 7 | 1 4 2 . . Device . | . . . . . Storage 4 | 1 2 1 . . Processor 1 | . . 1 . . Hackware . | . . . . . Protection 2 | . 2 . . . Artifact . | . . . . . Weapon 7 | 2 1 1 2 1 Energy Gun . | . . . . . Energy Cannon . | . . . . . Ballistic Gun 5 | 2 1 1 1 . Ballistic Cannon . | . . . . . Launcher . | . . . . . Special Weapon . | . . . . . Impact Weapon . | . . . . . Slashing Weapon 1 | . . . . 1 Piercing Weapon . | . . . . . Special Melee Weapon 1 | . . . 1 . Unidentified Prototypes . | . . . . . Parts Lost 8 | . . 1 . 7 Power . | . . . . . Propulsion 4 | . . . . 4 Utility 2 | . . 1 . 1 Weapon 2 | . . . . 2 Highest Loss Streak 4 | . . 1 . 4 Average Slot Usage (%) 83 | . 99 100 100 50 Engine 14 | . 14 14 14 14 Treads 4 | . . . . 11 Wheel 19 | . 28 28 28 3 Storage 14 | . 14 14 14 14 Processor 3 | . . 5 14 2 Protection 6 | . 13 8 . . Ballistic Gun 17 | . 28 28 15 2 Special Melee Weapon 1 | . . . 12 . Naked Turns . | . . . . . Heaviest Build 43 | 10 43 43 40 41 Greatest Support 26 | 26 26 26 26 26 Greatest Overweight (x) 4 | . 2 2 1 4 Average Overweight (x) 1 | . 1 1 1 1 Largest Inventory Capacity 12 | 6 12 12 12 12 Average Capacity 11 | 5 10 12 12 12 Most Carried 12 | 6 12 12 12 12 Average Carried 10 | 4 10 11 11 9 Final Capacity 12 | 6 12 12 12 12 Final Carried 12 | 6 12 12 12 9 Class Distribution -------------------- 88% | Mutant 11% | Scavenger-Mutant Dominant Class ---------------- Mutant | -10/Materials Mutant | -10/Mines Mutant | -10/Exiles Mutant | -9/Mines Resources | -11 -10 -10 -10 -9 ----------- Run | Scr Mat Min Exi Min Matter Collected 933 | 232 512 169 20 . Remotely . | . . . . . Salvage Created 758 | . 516 242 . . Parts 38 | . 26 12 . . Haulers Intercepted 1 | . 1 . . . Recyclers Shooed 1 | . . 1 . . Parts Field Recycled . | . . . . . Retrieved Matter . | . . . . . Parts Self-Destructed . | . . . . . Prevented . | . . . . . Kills | -11 -10 -10 -10 -9 ------- Run | Scr Mat Min Exi Min Combat Hostiles Destroyed 14 | . 10 4 . . Guns 14 | . 10 4 . . Classes Destroyed 6 | . 5 1 . . Worker 5 | . 3 2 . . Hauler 1 | . 1 . . . Recycler 1 | . . 1 . . Watcher 1 | . 1 . . . Swarmer 5 | . 3 2 . . Grunt 9 | . 7 2 . . Best Kill Streak 3 | . 3 2 . . Combat Bots Only 3 | . 3 2 . . Max Kills in Single Turn 1 | . 1 1 . . Gunslinging . | . . . . . Exploded . | . . . . . Melee . | . . . . . Uniques/NPCs Destroyed . | . . . . . Combat | -11 -10 -10 -10 -9 -------- Run | Scr Mat Min Exi Min Damage Taken 1092 | . 339 264 . 489 Core 221 | . 77 69 . 75 Absorbed by Shields . | . . . . . Core Remaining (%) 100 | 100 . . . . Volleys Fired 73 | . 47 26 . . Largest 2 | . 2 2 . . Hottest 40 | . 40 40 . . Shots Fired 146 | . 94 52 . . Gun 146 | . 94 52 . . Cannon . | . . . . . Launcher . | . . . . . Special . | . . . . . Kinetic 146 | . 94 52 . . Thermal . | . . . . . Explosive . | . . . . . Electromagnetic . | . . . . . Robot Hit Streak 12 | . 8 12 . . Robot Miss Streak 4 | . 4 4 . . Penetration Max . | . . . . . Secondary Targets 2 | . 2 . . . Max Gunslinging Chain 1 | . 1 . . . Shots Hit Robots 96 | . 61 30 5 . Core Hits 41 | . 29 12 . . Critical Hits . | . . . . . Critical Kills . | . . . . . Critical Parts Destroyed . | . . . . . Melee Attacks 35 | . . . 5 30 Impact . | . . . . . Slashing 30 | . . . . 30 Piercing . | . . . . . Sneak Attacks 4 | . . . 4 . Combat Hostiles . | . . . . . Follow-up Attacks . | . . . . . Damage Inflicted 997 | . 706 291 . . Guns 997 | . 706 291 . . Cannons . | . . . . . Explosions . | . . . . . Melee . | . . . . . Ramming . | . . . . . Kinetic 997 | . 706 291 . . Thermal . | . . . . . Explosive . | . . . . . Electromagnetic . | . . . . . Impact . | . . . . . Slashing . | . . . . . Piercing . | . . . . . Highest Corruption 28 | . . . . 28 Average Corruption 26 | . . . . 26 Corruption Purged . | . . . . . Effects 38 | . . . . 38 Message Errors 7 | . . . . 7 Matter Fused 5 | . . . . 5 Heat Flow Errors 12 | . . . . 12 Energy Discharges 7 | . . . . 7 Data Loss (minor) 2 | . . . . 2 Misdirections 1 | . . . . 1 Targeting Errors 4 | . . . . 4 Overload Shots . | . . . . . Overflow Damage . | . . . . . Projectiles . | . . . . . Explosions . | . . . . . Melee . | . . . . . Knockbacks . | . . . . . Impact . | . . . . . Kinetic . | . . . . . Secondary . | . . . . . Self-Inflicted Damage . | . . . . . Shots . | . . . . . Rammed . | . . . . . Targets Rammed . | . . . . . Kicked . | . . . . . Crushed . | . . . . . Highest Temperature 260 | . 37 37 . 260 Average Temperature 50 | . 9 13 . 104 Received Heat Transfer 282 | . 159 123 . . Siege Activations . | . . . . . Robots Corrupted . | . . . . . Combat Hostiles . | . . . . . Parts Fried . | . . . . . Impact Corruptions . | . . . . . Robots Melted . | . . . . . Combat Hostiles . | . . . . . Parts Melted . | . . . . . Heat Transferred . | . . . . . Parts Sabotaged . | . . . . . Parts Stolen . | . . . . . Parts Stripped . | . . . . . Power Chain Reactions . | . . . . . Missiles Intercepted . | . . . . . Alert | -11 -10 -10 -10 -9 ------- Run | Scr Mat Min Exi Min Peak Influence 157 | . 157 124 . . Initial 4 | . . 4 . . Average 31 | . 53 59 . . Maximum Alert Level . | . . . . . Low Security (%) 100 | 100 100 100 . 100 Level 1 . | . . . . . Level 2 . | . . . . . Level 3 . | . . . . . Level 4 . | . . . . . Level 5 . | . . . . . High Security . | . . . . . Max Security . | . . . . . Squads Dispatched 3 | . 3 . . . Investigation 1 | . 1 . . . Extermination . | . . . . . Reinforcement 2 | . 2 . . . Assault . | . . . . . Garrison . | . . . . . Intercept . | . . . . . Construction Impeded . | . . . . . Haulers Reinforced . | . . . . . Stealth | -11 -10 -10 -10 -9 --------- Run | Scr Mat Min Exi Min Distress Signals 4 | . 2 . . 2 Communications Jammed . | . . . . . Distress Signals . | . . . . . Times Spotted 23 | . 18 5 . . Peak Tracking Total 4 | . 4 3 . . Tactical Retreats 5 | . 4 1 . . Traps | -11 -10 -10 -10 -9 ------- Run | Scr Mat Min Exi Min Traps Triggered 1 | . 1 . . . Indirectly . | . . . . . Trap Hack Attempts . | . . . . . Triggered . | . . . . . Disarmed . | . . . . . Reprogrammed . | . . . . . Reused . | . . . . . Traps Extracted . | . . . . . Installed . | . . . . . Triggered . | . . . . . Machines | -11 -10 -10 -10 -9 ---------- Run | Scr Mat Min Exi Min Machines Disabled . | . . . . . Max in Single Turn . | . . . . . Machines Sabotaged . | . . . . . Garrisons Compromised . | . . . . . Overloaded Fab Kills . | . . . . . Fab Network Shutdowns . | . . . . . Hacking | -11 -10 -10 -10 -9 --------- Run | Scr Mat Min Exi Min Machines Accessed 8 | . 7 . 1 . Terminals 6 | . 6 . . . Fabricators . | . . . . . Repair Stations . | . . . . . Recycling Units 1 | . 1 . . . Scanalyzers . | . . . . . Garrison Access . | . . . . . Total Hacks 15 | . 14 . 1 . Successful 5 | . 4 . 1 . Failed 10 | . 10 . . . Catastrophic 2 | . 2 . . . Database Lockouts . | . . . . . Manual 12 | . 11 . 1 . Terminals 11 | . 11 . . . Fabricators . | . . . . . Repair Stations . | . . . . . Recycling Units 3 | . 3 . . . Scanalyzers . | . . . . . Garrison Access . | . . . . . Terminal Hacks 4 | . 3 . 1 . Part Schematic 1 | . 1 . . . Unreport Threat 2 | . 2 . . . EX-Prototype ID Bank 1 | . . . 1 . Fabricator Hacks . | . . . . . Repair Station Hacks . | . . . . . Recycling Unit Hacks 1 | . 1 . . . Report Inventory 1 | . 1 . . . Scanalyzer . | . . . . . Garrison Access Hacks . | . . . . . Unauthorized Hacks . | . . . . . Terminals . | . . . . . Fabricators . | . . . . . Repair Stations . | . . . . . Recycling Units . | . . . . . Scanalyzers . | . . . . . Garrison Access . | . . . . . Data Cores Recovered . | . . . . . Used . | . . . . . Hacking Detections 6 | . 6 . . . Full Trace Events 1 | . 1 . . . Feedback Events . | . . . . . Feedback Blocked . | . . . . . Robot Schematics Acquired . | . . . . . Robots Built . | . . . . . Matter . | . . . . . Time . | . . . . . Total Robot Build Rating . | . . . . . Part Schematics Acquired 1 | . 1 . . . Parts Built . | . . . . . Matter . | . . . . . Time . | . . . . . Total Part Build Rating . | . . . . . Parts Repaired . | . . . . . Time . | . . . . . Parts Recycled . | . . . . . Recycled Matter . | . . . . . Retrieved Matter . | . . . . . Retrieved Components . | . . . . . Parts Scanalyzed . | . . . . . Part Schematics Acquired . | . . . . . Parts Damaged . | . . . . . Bothacking | -11 -10 -10 -10 -9 ------------ Run | Scr Mat Min Exi Min Used RIF Installer . | . . . . . Robots Hacked 4 | . . . 4 . Non-combat 3 | . . . 3 . Combat 1 | . . . 1 . Robot Hacks Applied 4 | . . . 4 . parse_system 4 | . . . 4 . Relay Couplers Released . | . . . . . Robots Rewired . | . . . . . Allies Hacked . | . . . . . Hacks Repelled . | . . . . . Allies | -11 -10 -10 -10 -9 -------- Run | Scr Mat Min Exi Min Total Allies . | . . . . . Largest Group . | . . . . . Highest-Rated Group . | . . . . . Highest-Rated Ally . | . . . . . Total Orders . | . . . . . Ally Attacks . | . . . . . Total Damage . | . . . . . Kills . | . . . . . Allies Corrupted . | . . . . . Allies Melted . | . . . . . Intel | -11 -10 -10 -10 -9 ------- Run | Scr Mat Min Exi Min Robot Analysis Total . | . . . . . Derelict Logs Recovered 1 | . . 1 . . Drone Launches . | . . . . . Drone Recoveries . | . . . . . Exploration | -11 -10 -10 -10 -9 ------------- Run | Scr Mat Min Exi Min Turns Passed 2693 | 54 1169 159 426 885 Spaces Moved 1548 | 47 974 53 412 62 Core 8 | 8 . . . . Treads 7 | . . . . 7 Legs . | . . . . . Wheels 1533 | 39 974 53 412 55 Hover . | . . . . . Flight . | . . . . . Fastest Speed 50 | 50 80 90 100 100 Average Speed 97 | 82 97 98 100 109 Slowest Speed 180 | 90 100 100 100 180 Overloaded Moves . | . . . . . Propulsion Burnouts . | . . . . . Robots Hopped . | . . . . . Cave-ins Triggered 4 | . . . . 4 Exploration Rate (%) 37 | 3 99 8 72 6 Regions Visited 4 Branch Regions 3 Pre-discovered Areas 1 | . . 1 . . Known Exits Taken . | . . . . . Unknown Exits Taken 4 | 1 1 1 1 . Scrap Searched . | . . . . . Spaces Dug 29 | . . . . 29 Terrain Destroyed 29 | . . . . 29 Melee 29 | . . . . 29 Projectile . | . . . . . AOE . | . . . . . Terrain Rammed . | . . . . . Walls Destroyed . | . . . . . Machines Disabled . | . . . . . Actions | -11 -10 -10 -10 -9 --------- Run | Scr Mat Min Exi Min Total 2534 | 59 1121 114 422 818 Wait 803 | 1 60 20 . 722 Move 1543 | 46 973 52 411 61 Hop . | . . . . . Pick Up 26 | 6 15 3 2 . Fast Attach 7 | 6 1 . . . Attach 4 | . . 1 . 3 Detach . | . . . . . Swap 17 | . 8 6 2 1 Drop 25 | . 17 6 2 . Fire 73 | . 47 26 . . Melee 35 | . . . 5 30 Ram . | . . . . . Kick . | . . . . . Crush . | . . . . . Escape Stasis 1 | . . . . 1 Rewire . | . . . . . Trap . | . . . . . Miscellaneous . | . . . . . Route ------- -11/Scrapyard -10/Materials (discovered 4 exits: [*Mat x3] / [*Min]) -10/Mines -10/Exiles (discovered 2 exits: [*Min x2]) -9/Mines History --------- Turn | Location | Event 8 | -11/Scrapyard | Discovered new exit (range 15) 55 | -11/Scrapyard | Entered Materials 323 | -10/Materials | Build established: Mutant 402 | -10/Materials | Discovered new exit (range 9) 516 | -10/Materials | Discovered new exit (range 16) 646 | -10/Materials | Discovered new exit (range 14) 747 | -10/Materials | Discovered new exit (range 12) 1224 | -10/Materials | Entered Mines 1300 | -10/Mines | Core integrity fell below 50% 1375 | -10/Mines | Learned location of Mines (-9) 1378 | -10/Mines | Deemed a non-threat by the Exiles lab entrance 1379 | -10/Mines | Discovered new exit (range 5) 1383 | -10/Mines | Entered Exiles 1398 | -10/Exiles | Discovered new exit (range 15) 1410 | -10/Exiles | Met 8R-AWN 1425 | -10/Exiles | Met EX-HEX 1521 | -10/Exiles | Met EX-DEC 1619 | -10/Exiles | Met EX-BIN 1633 | -10/Exiles | Aligned with FarCom system 1634 | -10/Exiles | Given EX-Vault access code 1680 | -10/Exiles | Opened EX-Vault 1691 | -10/Exiles | Found Field Lobotomy Kit 1715 | -10/Exiles | Warned to stay clear of 0b10 Research branches 1798 | -10/Exiles | Discovered new exit (range 12) 1809 | -10/Exiles | Left Exiles lab with Field Lobotomy Kit 1809 | -10/Exiles | Entered Mines 1810 | -9/Mines | Assembled infested the area 1878 | -9/Mines | Crushed by falling debris 1929 | -9/Mines | Crushed by falling debris 1930 | -9/Mines | System corruption reached 10% 1937 | -9/Mines | Crushed by falling debris 1937 | -9/Mines | Core integrity fell below 20% 1968 | -9/Mines | Lost 4 parts (2n1u1w) 1970 | -9/Mines | Crushed by falling debris 2694 | -9/Mines | Self-destructed Last Messages --------------- 02215_ System corrupted: Energy discharge (-52). 02230_ N9RW,3WPJT&NK5HNBN85DL4AEI